 Dungeon Crawl Stone Soup version 0.20-a0-957-g47ad1fd (webtiles) character file.

6225 JeffiDaFish the Grappler (level 10, -15/96 HPs)
             Began as a Troll Monk on Apr 5, 2017.
             Demolished by a tentacled starspawn (23 damage)
             ... on level 1 of the Abyss.
             The game lasted 00:18:35 (7316 turns).

JeffiDaFish the Grappler (Troll Monk)               Turns: 7316, Time: 00:18:35

Health: -15/96     AC: 15    Str: 21    XL:     10   Next: 61%
Magic:  8/8        EV:  7    Int:  6    God:
Gold:   493        SH:  0    Dex: 15    Spells: 9/9 levels left

rFire    x . .     SeeInvis .     - Unarmed
rCold    + + .     Gourm    +   (no shield)
rNeg     . . .     Faith    .   c - -1 ice dragon scales
rPois    +         Spirit   .   (helmet restricted)
rElec    +         Reflect  .   p - scarf {repulsion}
rCorr    .         Harm     .   (gloves unavailable)
MR       .....                  (boots unavailable)
Stlth    +.........             (no amulet)
Regen    0.7/turn               j - ring of poison resistance
MPRegen  0.2/turn               (no ring)

@: constricted, repel missiles
A: unfitting armour, claws 3, horns 1, molten scales 1, fast metabolism 3,
gourmand, low mp 1, regeneration 1, shaggy fur 1, electricity resistance, tough
skin 2
a: no special abilities


You were on level 1 of the Abyss.
You were near starving.

You visited 2 branches of the dungeon, and saw 10 of its levels.
You visited the Abyss 1 time.

You collected 493 gold pieces.

Inventory:

Armour
 c - -1 ice dragon scales (worn)
 p - a scarf of repulsion (worn)
Jewellery
 j - a ring of poison resistance (left claw)
Scrolls
 d - 12 scrolls of identify
 e - 3 scrolls of magic mapping
 g - 4 scrolls of remove curse
 k - 3 scrolls of enchant armour
Potions
 h - 3 potions of curing
 l - 2 potions of flight
 n - a potion of brilliance
 q - a potion of berserk rage
Comestibles
 b - 9 bread rations
 f - 6 meat rations
 i - 5 fruits
 o - 2 royal jellies


   Skills:
 + Level 5.2 Fighting
 + Level 5.6 Armour
 + Level 5.8 Dodging
 + Level 3.5 Stealth
 + Level 11.5 Unarmed Combat


You had 9 spell levels left.
You didn't know any spells.

Dungeon Overview and Level Annotations

Branches:
Dungeon (9/15)             Temple (1/1) D:7
   Lair: D:8-11         Orc: D:9-12

Altars:
Ashenzari
Cheibriados
Dithmenos
Elyvilon
Fedhas
Gozag
Hepliaklqana
Kikubaaqudgha
Makhleb
Nemelex Xobeh
Okawaru
Qazlal
Ru
Sif Muna
Trog
Uskayaw
Vehumet
Wu Jian
Xom
Yredelemnul
Zin
The Shining One

Shops:
D:9 [

Annotations:
D:9 Erolcha


Innate Abilities, Weirdness & Mutations

You are too large for most types of armour.
You have claws for hands.
Your metabolism is lightning-fast.
You like to eat raw meat.
Your natural rate of healing is unusually fast.
You are covered in fur. (AC +1)
You have very tough skin. (AC +2)
You have a pair of small horns on your head.
You are partially covered in molten scales. (AC +2)
Your magical capacity is low. (-10% MP)
You are resistant to electric shocks. (rElec)


Message History

The ufetubus completely misses you. The ufetubus closely misses you.
The tentacled starspawn bites you!
* * * LOW HITPOINT WARNING * * *
The tentacled starspawn engulfs you.
* * * LOW HITPOINT WARNING * * *
The ufetubus hits you but does no damage.
The ufetubus barely misses you.
You escape the starspawn tentacle's grasp.
The starspawn tentacle grabs you.
* * * LOW HITPOINT WARNING * * *
The starspawn tentacle constricts you.
The starspawn tentacle's grasp on you weakens, but your attempt to escape fails.
The starspawn tentacle loses its grip on you.
The tentacle pulls you backwards!
The starspawn tentacle closely misses you. x2
The red very ugly thing headbutts you.
* * * LOW HITPOINT WARNING * * *
The starspawn tentacle grabs you. The starspawn tentacle constricts you.
The tentacled starspawn bites you!!
You die...

.. #.#### ## .#
.$#.──#. . #
../##>## #..
####..#│≈.##.###
#...│...≈≈..##.#
..│#.#5>≈≈##..###
##w#wuX≈≈≈≈≈#.#.#
#..@X..≈≈≈≈≈≈.#
###
#####..≈≈≈♣≈≈≈$
.#..
#..#.≈≈≈≈≈5≈≈≈
#Λ. ###.#♣≈≈≈≈
5≈≈≈..\ ..#
≈≈≈≈≈≈ ≈≈#.#
##.#.≈≈≈≈≈≈ ≈≈ ≈
...#≈≈≈≈≈≈≈≈≈≈ X
.. .# ♣≈≈≈≈≈≈≈
≈─≈ ## #
###≈≈≈≈≈≈≈♣≈≈


You could see a red very ugly thing, 2 tentacled starspawn, 2 starspawn
tentacles and an ufetubus.

Vanquished Creatures
  The ghost of christhawk the Chopper, a novice DsBe of Trog (D:7)
  An unseen horror (Abyss:1)
  A frost giant zombie (Abyss:1)
  A blink frog (Abyss:1)
  Grinder (D:4)
  A hippogriff (D:8)
  Sigmund (D:5)
  A ynoxinul (Abyss:1)
  A wyvern (D:8)
  A spatial vortex (Abyss:1)
  A water moccasin (D:8)
  A small abomination (Abyss:1)
  A black bear (D:6)
  4 orc warriors
  3 phantoms
  An ice beast (D:7)
  4 ogres
  A necrophage (D:7)
  The ghost of heteroy the Chiller, an amateur DsWn (D:3)
  A centaur (D:7)
  A big kobold (D:8)
  3 bullfrogs
  A gnoll sergeant (D:7)
  4 scorpions
  A howler monkey (D:5)
  6 crimson imps
  2 quasits
  2 centaur zombies
  11 orc priests
  4 jellies
  A bullfrog skeleton (D:7)
  An iguana (D:7)
  12 orc wizards
  5 worker ants
  A hound skeleton (D:4)
  A worker ant zombie (D:6)
  11 gnolls
  A howler monkey skeleton (D:7)
  12 adders
  A shadow imp (D:8)
  An ooze (D:3)
  6 worms
  4 dart slugs
  2 leopard geckos
  44 orcs
  7 bats
  5 giant cockroaches
  5 goblins
  7 hobgoblins
  6 jackals
  10 kobolds
  4 quokkas
  2 ball pythons
  8 frilled lizards
  A jackal skeleton (D:7)
  A leopard gecko zombie (D:7)
  A quokka skeleton (D:4)
  8 rats
  A butterfly (Abyss:1)
232 creatures vanquished.

Vanquished Creatures (others)
  19 starspawn tentacles (Abyss:1)
19 creatures vanquished.

Grand Total: 251 creatures vanquished

Notes
Turn   | Place    | Note
-------+----------+-------------------------------------------
     0 | D:1      | JeffiDaFish the Troll Monk began the quest for the Orb.
     0 | D:1      | Reached XP level 1. HP: 23/23 MP: 0/0
    83 | D:1      | Reached XP level 2. HP: 31/31 MP: 1/1
   307 | D:1      | Reached skill level 1 in Unarmed Combat
   339 | D:1      | Reached XP level 3. HP: 33/37 MP: 2/2
   958 | D:2      | Reached XP level 4. HP: 44/45 MP: 3/3
  1070 | D:2      | Reached skill level 2 in Unarmed Combat
  1397 | D:3      | Noticed heteroy's ghost (amateur DsWn)
  1414 | D:3      | Killed heteroy's ghost
  1414 | D:3      | Reached skill level 3 in Unarmed Combat
  1414 | D:3      | Reached XP level 5. HP: 22/53 MP: 4/4
  1580 | D:3      | Found a hazy altar of Hepliaklqana.
  1827 | D:3      | Reached XP level 6. HP: 57/62 MP: 5/5
  2036 | D:3      | Found a shattered altar of Ashenzari.
  2041 | D:3      | Found a glowing golden altar of the Shining One.
  2155 | D:4      | Reached skill level 4 in Unarmed Combat
  2176 | D:4      | Gained mutation: You are resistant to electric shocks. (rElec) [potion of mutation]
  2176 | D:4      | Gained mutation: Your mind is acute. (Int +2) [potion of mutation]
  2274 | D:4      | Reached XP level 7. HP: 70/70 MP: 6/6
  2381 | D:4      | Lost mutation: Your mind is acute. (Int +2) [potion of mutation]
  2381 | D:4      | Gained mutation: Your magical capacity is low. (-10% MP) [potion of mutation]
  2381 | D:4      | Gained mutation: You are partially covered in molten scales. (AC +2) [potion of mutation]
  2381 | D:4      | Gained mutation: You have a pair of small horns on your head. [potion of mutation]
  2391 | D:4      | Reached skill level 5 in Unarmed Combat
  2447 | D:4      | Noticed Grinder
  2461 | D:4      | Paralysed by Grinder for 7 turns
  2474 | D:4      | Killed Grinder
  2559 | D:4      | Reached skill level 6 in Unarmed Combat
  2662 | D:5      | Entered Level 5 of the Dungeon
  2673 | D:5      | Noticed Sigmund
  2702 | D:5      | Killed Sigmund
  2702 | D:5      | Reached skill level 1 in Armour
  2702 | D:5      | Reached XP level 8. HP: 63/78 MP: 6/6
  2924 | D:5      | Found a deep blue altar of Sif Muna.
  2924 | D:5      | Found a snail-covered altar of Cheibriados.
  2924 | D:5      | Found a hide-covered altar of Uskayaw.
  2924 | D:5      | Found a radiant altar of Vehumet.
  2925 | D:5      | Found a blossoming altar of Fedhas.
  2927 | D:5      | Reached skill level 7 in Unarmed Combat
  2935 | D:5      | Found a shimmering altar of Xom.
  2935 | D:5      | Found a sparkling altar of Nemelex Xobeh.
  2936 | D:5      | Found a white marble altar of Elyvilon.
  3669 | D:6      | Reached skill level 8 in Unarmed Combat
  3991 | D:6      | Reached XP level 9. HP: 74/85 MP: 7/7
  4134 | D:6      | Reached skill level 5 in Dodging
  4941 | D:7      | Reached skill level 9 in Unarmed Combat
  5061 | D:7      | Found a staircase to the Ecumenical Temple.
  5105 | Temple   | Entered the Ecumenical Temple
  5222 | D:7      | Found a shadowy altar of Dithmenos.
  5538 | D:7      | Noticed christhawk's ghost (novice DsBe)
  5553 | D:7      | Killed christhawk's ghost
  5553 | D:7      | Reached skill level 10 in Unarmed Combat
  5675 | D:8      | Reached skill level 5 in Fighting
  5675 | D:8      | Reached XP level 10. HP: 95/96 MP: 8/8
  5967 | D:8      | Reached skill level 11 in Unarmed Combat
  6651 | D:9      | Found Rorasun's Armour Emporium.
  6662 | D:9      | Noticed Erolcha
  6673 | D:9      | Cast into level 1 of the Abyss (Erolcha)
  6747 | Abyss:1  | Killed an unseen horror
  6747 | Abyss:1  | Reached skill level 5 in Armour
  6859 | Abyss:1  | Noticed a spatial maelstrom
  7025 | Abyss:1  | Noticed a harpy
  7032 | Abyss:1  | Noticed an apocalypse crab
  7058 | Abyss:1  | Noticed a spatial maelstrom
  7241 | Abyss:1  | Noticed a tentacled starspawn
  7271 | Abyss:1  | Noticed a red very ugly thing
  7273 | Abyss:1  | Noticed a tentacled starspawn
  7316 | Abyss:1  | Demolished by a tentacled starspawn

Vault maps used:
D:1:      lightli_arrival_chessboard
D:3:      minitemple, first_bread
D:4:      uniq_grinder
D:5:      grunt_temple_overflow_open, minmay_misc_feat_x, uniq_sigmund
D:7:      nicolae_overflow_crystal_walls, minmay_temple_entry_crystal_x
D:9:      serial_shops, kennysheep_mini, the_bakery, minmay_misc_feat_ornament,
          nrook_guardian_serpent_double, uniq_erolcha
Temple:   eino_wide_crystal_templ

Skill      XL: |  1  2  3  4  5  6  7  8  9 10 |
---------------+-------------------------------+-----
Unarmed Combat | 1 3 4 6 8 10 11 | 11.5
Stealth        | 3 |  3.5
Dodging        | 4 5 |  5.8
Fighting       | 4 5 |  5.2
Armour         | 1 3 4 5 |  5.6

Action                   |  1- 3 |  4- 6 |  7- 9 | 10-12 || total
-------------------------+-------+-------+-------+-------++-------
Melee: Unarmed           |   107 |   147 |   312 |   150 ||   716
       Punch             |       |     4 |    12 |     4 ||    20
       Headbutt          |       |       |    58 |    30 ||    88
  Use: Scroll            |     5 |     5 |     4 |     3 ||    17
       Potion            |     3 |     2 |     5 |     3 ||    13
 Stab: Sleeping          |     8 |     3 |       |       ||    11
       Distracted        |       |     1 |       |       ||     1
  Eat: Chunk             |    14 |    13 |    27 |     9 ||    63
Armor: Robe              |    26 |    41 |       |       ||    67
       Ice dragon scales |       |     6 |   168 |   186 ||   360
Dodge: Dodged            |    58 |    84 |   143 |    96 ||   381
       Deflected         |       |       |     3 |     2 ||     5
